 Dungeon Crawl Stone Soup version 0.21-a0-401-g0b6bec4 (webtiles) character file.

44 Monsterracer the Vexing (level 3, 0/28 HPs)
             Began as a Gnoll Arcane Marksman on Oct 24, 2017.
             Slain by a kobold
             ... wielding a +0 dagger
              (3 damage)
             ... on level 2 of the Dungeon.
             The game lasted 00:03:47 (1557 turns).

Monsterracer the Vexing (Gnoll Arcane Marksman)     Turns: 1557, Time: 00:03:47

Health: 0/28       AC:  2    Str: 13    XL:     3   Next: 60%
Magic:  7/7        EV: 14    Int: 15    God:
Gold:   73         SH:  0    Dex: 15    Spells: 3/7 levels left

rFire    . . .     SeeInvis .   o - +0 short sword
rCold    . . .     Gourm    .   (no shield)
rNeg     . . .     Faith    .   a - +0 robe
rPois    .         Spirit   .   (no helmet)
rElec    .         Reflect  .   (no cloak)
rCorr    .         Harm     .   (no gloves)
MR       .....                  (no boots)
Stlth    ++........             (no amulet)
HPRegen  0.09/turn              (no ring)
MPRegen  0.10/turn              (no ring)

@: no status effects
A: distributed training, fangs 1, strong nose
a: no special abilities


You were on level 2 of the Dungeon.
You were not hungry.

You visited 1 branch of the dungeon, and saw 2 of its levels.

You collected 73 gold pieces.

Inventory:

Hand Weapons
 o - a +0 short sword (weapon)
Missiles
 c - a javelin (quivered)
 d - 2 throwing nets
Armour
 a - a +0 robe (worn)
Scrolls
 e - a scroll of enchant weapon {unknown}
 g - a scroll of teleportation {unknown}
 k - a scroll of enchant armour {unknown}
 l - a scroll of identify {unknown}
 m - a scroll of amnesia {unknown}
 n - a scroll of magic mapping {unknown}
 p - 2 scrolls of fear {unknown}
 q - a scroll of remove curse {unknown}
Potions
 h - a potion of degeneration {unknown}
 j - a potion of haste {unknown}
Books
 b - a book of Debilitation

   Spells                             Type                      Level
   a - Corona                         Hexes                        1
   b - Slow                           Hexes                        2
   c - Inner Flame                    Hexes/Fire                   3
   d - Portal Projectile              Hexes/Translocation          3
   e - Cause Fear                     Hexes                        4
   f - Leda's Liquefaction            Hexes/Earth                  4
Comestibles
 f - a bread ration
 i - 2 meat rations


   Skills:
 + Level 2.6 Fighting
 + Level 0.8 Short Blades
 + Level 0.8 Long Blades
 + Level 0.8 Axes
 + Level 0.8 Maces & Flails
 + Level 0.8 Polearms
 + Level 0.8 Staves
 + Level 0.8 Slings
 + Level 0.8 Bows
 + Level 0.8 Crossbows
 + Level 4.5 Throwing
 + Level 0.8 Armour
 + Level 4.5 Dodging
 + Level 0.8 Stealth
 + Level 0.8 Shields
 + Level 0.8 Unarmed Combat
 + Level 2.8 Spellcasting
 + Level 0.5 Conjurations
 + Level 5.4 Hexes
 + Level 0.5 Charms
 + Level 0.5 Summonings
 + Level 0.5 Necromancy
 + Level 0.5 Translocations
 + Level 0.5 Transmutations
 + Level 0.5 Fire Magic
 + Level 0.5 Ice Magic
 + Level 0.5 Air Magic
 + Level 0.5 Earth Magic
 + Level 0.5 Poison Magic
 + Level 1.0 Invocations
 + Level 0.8 Evocations


You had 3 spell levels left.
You knew the following spells:

 Your Spells              Type           Power        Failure   Level  Hunger
a - Corona                Hex            ###....      2%          1    #......
b - Portal Projectile     Hex/Tloc       ##....       19%         3    ###....


Dungeon Overview and Level Annotations

Branches:
Dungeon (2/15)

Altars:


Innate Abilities, Weirdness & Mutations

Your experience applies equally to all skills.
You have very sharp teeth.
Your uncanny sense of smell can sniff out nearby items.


Message History

You barely miss the giant cockroach. Your bite misses the giant cockroach.
The kobold misses you. The giant cockroach closely misses you.
You closely miss the giant cockroach. The giant cockroach closely misses you.
The kobold hits you with a dagger.
You take 1 damage, and have 26/28 hp.
You closely miss the giant cockroach. The giant cockroach barely misses you.
The kobold hits you but does no damage.
You hit the giant cockroach.
The giant cockroach is moderately wounded.
The giant cockroach completely misses you.
The kobold hits you with a dagger. The giant cockroach barely misses you.
You take 3 damage, and have 23/28 hp.
You closely miss the giant cockroach.
The giant cockroach is moderately wounded.
The kobold hits you with a dagger. The giant cockroach bites you.
You take 4 damage, and have 19/28 hp.
You are too injured to fight recklessly!
You are too injured to fight recklessly!
You barely miss the giant cockroach.
The giant cockroach is moderately wounded.
The kobold barely misses you.
The giant cockroach completely misses you.
You closely miss the giant cockroach.
The giant cockroach is moderately wounded.
The giant cockroach bites you but does no damage.
The kobold misses you. The giant cockroach barely misses you.
You hit the giant cockroach but do no damage.
The kobold barely misses you. The giant cockroach bites you.
You take 2 damage, and have 18/28 hp.
You hit the giant cockroach.
The giant cockroach is almost dead.
The kobold misses you. The giant cockroach closely misses you.
The kobold completely misses you.
You closely miss the giant cockroach.
The giant cockroach is almost dead.
The giant cockroach closely misses you. The kobold barely misses you.
You closely miss the giant cockroach.
The giant cockroach is almost dead.
The giant cockroach bites you. The kobold hits you but does no damage.
The giant cockroach bites you.
You take 2 damage, and have 16/28 hp.
You hit the giant cockroach but do no damage.
Your bite misses the giant cockroach.
The giant cockroach is almost dead.
The giant cockroach bites you but does no damage.
The kobold hits you with a dagger.
You take 1 damage, and have 15/28 hp.
You closely miss the giant cockroach.
The giant cockroach is almost dead.
The giant cockroach barely misses you. The kobold completely misses you.
You hit the giant cockroach but do no damage.
You bite the giant cockroach, but do no damage.
The giant cockroach is almost dead.
The giant cockroach misses you. The kobold hits you with a dagger.
* * * LOW HITPOINT WARNING * * *
You take 1 damage, and have 14/28 hp.
Unknown command.
You hit the giant cockroach but do no damage.
The giant cockroach is almost dead.
The giant cockroach bites you but does no damage.
The kobold hits you but does no damage. The giant cockroach closely misses you.
You hit the giant cockroach.
You kill the giant cockroach!
The kobold closely misses you. The kobold closely misses you.
You barely miss the kobold. You bite the kobold.
The kobold is severely wounded.
The kobold hits you with a dagger.
* * * LOW HITPOINT WARNING * * *
You take 2 damage, and have 13/28 hp.
You hit the kobold but do no damage.
The kobold is severely wounded.
The kobold closely misses you.
Unknown command.
You barely miss the kobold.
The kobold is severely wounded.
The kobold hits you with a dagger.
* * * LOW HITPOINT WARNING * * *
You take 6 damage, and have 7/28 hp.
MASSIVE DAMAGE!!
Unknown command.
Throwing (i - inventory. (,) - cycle):
c - 4 javelins (quivered)
Press: ? - help, Shift-Dir - straight line, f - kobold
Aim: a kobold, wielding a dagger (moderately wounded)
You throw a javelin. The javelin closely misses the kobold.
The kobold closely misses you.
Throwing (i - inventory. (,) - cycle):
c - 3 javelins (quivered)
Press: ? - help, Shift-Dir - straight line, f/p - kobold
Aim: a kobold, wielding a dagger (moderately wounded)
You throw a javelin. The javelin closely misses the kobold.
The kobold hits you with a dagger.
* * * LOW HITPOINT WARNING * * *
The kobold hits you but does no damage.
You take 4 damage, and have 3/28 hp.
Unknown command.
Throwing (i - inventory. (,) - cycle):
c - 2 javelins (quivered)
Press: ? - help, Shift-Dir - straight line, f/p - kobold
Aim: a kobold, wielding a dagger You throw a javelin.
The javelin barely misses the kobold.
The kobold hits you with a dagger.
You die...

#.......#
#.......#
#.......#
#.......#
###..(.##
#....#
##...#
#...######
#.@K.....(#
#..>.......#
#.##.).....#
#. #.......#
#. +.......#
#.......#
#########


You could see a kobold.

Vanquished Creatures
  An adder (D:2)
  An ooze (D:1)
  2 dart slugs (D:1)
  A leopard gecko (D:1)
  5 bats
  3 giant cockroaches
  3 goblins
  2 hobgoblins (D:1)
  2 frilled lizards
  6 kobolds
  4 rats (D:1)
30 creatures vanquished.

Notes
Turn   | Place    | Note
-------+----------+-------------------------------------------
     0 | D:1      | Monsterracer the Gnoll Arcane Marksman began the quest for the Orb.
     0 | D:1      | Reached XP level 1. HP: 17/17 MP: 4/4
   235 | D:1      | Reached XP level 2. HP: 15/23 MP: 5/5
   557 | D:1      | HP: 11/23 [ooze (2)]
   562 | D:1      | HP: 8/23 [hobgoblin (3)]
   564 | D:1      | HP: 3/23 [hobgoblin (3)]
   903 | D:1      | Reached XP level 3. HP: 25/28 MP: 7/7
   908 | D:1      | Learned a level 3 spell: Portal Projectile
  1410 | D:2      | Reached skill level 1 in Invocations
  1548 | D:2      | HP: 14/28 [kobold/dagger (1)]
  1554 | D:2      | HP: 7/28 [kobold/dagger (6)]
  1556 | D:2      | HP: 3/28 [kobold/dagger (4)]
  1557 | D:2      | Slain by a kobold

Vault maps used:
D:1:      eino_arrival_cavern_a, minmay_close_crescents

Skill      XL: |  1  2  3 |
---------------+----------+-----
Invocations    | 1 |  1.0
Fighting       | |  2.6
Short Blades   | |  0.8
Long Blades    | |  0.8
Axes           | |  0.8
Maces & Flails | |  0.8
Polearms       | |  0.8
Staves         | |  0.8
Slings         | |  0.8
Bows           | |  0.8
Crossbows      | |  0.8
Throwing       | |  4.5
Armour         | |  0.8
Dodging        | |  4.5
Stealth        | |  0.8
Shields        | |  0.8
Unarmed Combat | |  0.8
Spellcasting   | |  2.8
Conjurations   | |  0.5
Hexes          | |  5.4
Charms         | |  0.5
Summonings     | |  0.5
Necromancy     | |  0.5
Translocations | |  0.5
Transmutations | |  0.5
Fire Magic     | |  0.5
Ice Magic      | |  0.5
Air Magic      | |  0.5
Earth Magic    | |  0.5
Poison Magic   | |  0.5
Evocations     | |  0.8

Action                   || total
-------------------------++-------
Melee: Unarmed           ||    19
       Dagger            ||    30
       Bite              ||    18
       Short sword       ||    74
Throw: Javelin           ||    12
 Cast: Corona            ||     1
 Stab: Sleeping          ||     1
  Eat: Chunk             ||     2
Armor: Robe              ||    20
Dodge: Dodged            ||    97

Table legend:
 A = Spawn XP
 B = Non-spawn XP
 C = Spawn XP percentage of total XP
 D = Spawn monster count
 E = Non-spawn monster count
 F = Spawn count percentage of total count
 G = Total turns spent on level
                    A         B        C        D         E        F      G
               +---------+---------+-------+---------+---------+-------+---------
         Total |       0 |      63 |   0.0 |       0 |      30 |   0.0 |  1557
               +---------+---------+-------+---------+---------+-------+---------
           D:1 |       0 |      44 |   0.0 |       0 |      23 |   0.0 |  1220
           D:2 |       0 |      19 |   0.0 |       0 |       7 |   0.0 |   337
               +---------+---------+-------+---------+---------+-------+---------

Vault maps used:
D:1:      eino_arrival_cavern_a, minmay_close_crescents
